 Dungeon Crawl Stone Soup version 0.31-a0-182-gc5ef74bbde (webtiles) character file.

Game seed: 6227968357127502322

594 qw the Chopper (level 7, 0/43 HPs)
             Began as a Gargoyle Fighter on June 20, 2023.
             Killed by divine providence
             ... invoked by an orc priest
              (9 damage)
             ... on level 4 of the Dungeon.
             The game lasted 00:01:40 (3296 turns).

qw the Chopper (Gargoyle Fighter)                   Turns: 3296, Time: 00:01:41

Health: 0/43       AC: 15    Str: 27    XL:     7   Next: 39%
Magic:  7/7        EV: 10    Int:  9    God:
Gold:   212        SH:  4    Dex:  9    Spells: 6/6 levels left

rFire   + . .        Y - +0 war axe
rCold   . . .        c - +0 buckler
rNeg    + . .        n - +1 ring mail {rC+}
rPois   inf          h - +0 helmet
rElec   +            (no cloak)
rCorr   .            k - +0 pair of gloves
SInv    .            q - +1 pair of boots
Will    +....        e - amulet of faith Stlth
                     g - +6 ring of strength
HPRegen 0.27/turn    i - ring "Anautsy" {Fire rPois Will+}
MPRegen 0.10/turn

%: faith
@: no status effects
A: sickness immunity, AC +4, negative energy resistance 1, electricity
resistance, torment resistance 1, petrification resistance
a: no special abilities


You were on level 4 of the Dungeon.
You visited 2 branches of the dungeon, and saw 5 of its levels.

You collected 212 gold pieces.


Innate Abilities, Weirdness & Mutations

You are immune to sickness and miasma.
Your stone body is resilient. (AC +4)
You are immune to poison.
You resist negative energy. (rN+)
You are resistant to electric shocks. (rElec)
You are resistant to unholy torment.
You are immune to petrification.


   Skills:
 - Level 4.1 Fighting
 - Level 6.7 Axes
 + Level 0.3 Throwing
 - Level 3.2 Armour
 - Level 1.1 Dodging
 - Level 3.2 Shields


You had 6 spell levels left.
You didn't know any spells.
Your spell library was empty.

Inventory:

Hand Weapons
 o - a +0 flail
 Y - a +0 war axe (weapon)
Missiles
 a - 6 javelins (quivered)
Armour
 b - a +0 scale mail
 c - a +0 buckler (worn)
 h - a +0 helmet (worn)
 k - a +0 pair of gloves (worn)
 n - a +1 ring mail of cold resistance (worn)
 q - a +1 pair of boots (worn)
Jewellery
 e - an amulet of faith (around neck)
 g - a +6 ring of strength (left hand)
 i - the ring "Anautsy" (right hand) {Fire rPois Will+}
   (You acquired it on level 3 of the Dungeon)

   [ring of fire]

   It enhances your fire magic.
   rF:        It protects you from fire.
   rC:        It makes you vulnerable to cold.
   rPois:     It protects you from poison.
   Will:      It increases your willpower.
Scrolls
 f - a scroll of identify
Potions
 d - a potion of might
 j - 2 potions of curing
 l - a potion of resistance
 m - a potion of attraction {unknown}

Dungeon Overview and Level Annotations

Branches:
Dungeon (4/15)             Temple (1/1) D:4

Altars:
Cheibriados
Dithmenos
Fedhas
Gozag
Hepliaklqana
Uskayaw
Wu Jian
Xom
Yredelemnul
Zin
The Shining One

Annotations:
D:4 2 transporters, qw's ghost, novice NaHu


Message History

You see here a +0 scale mail.
Enter note:
Enter note: You start waiting.
An orc priest is nearby!
An orc comes into view. It is wielding a +0 falchion.
The orc priest calls down the wrath of Beogh upon you.
Beogh smites you!
You hit the orc priest.
The orc priest is lightly wounded.
You hit the orc but do no damage. You closely miss the orc.
An orc comes into view. It is wielding a +0 hand axe.
The orc priest invokes the aid of Beogh against you.
You resist with some effort.
The orc shouts!
You hit the orc.
The orc is severely wounded.
You hear a shout!
The orc hits you but does no damage. The orc priest hits you with a +0 mace.
The orc closely misses you.
You closely miss the orc.
The orc is severely wounded.
You closely miss the orc priest. The orc completely misses you.
The orc priest mumbles some strange prayers to Beogh against you.
Pain shoots through your body!
You closely miss the orc.
The orc is severely wounded.
You hit the orc priest but do no damage.
The orc closely misses you.
The orc priest invokes the aid of Beogh against you.
Beogh smites you!
You barely miss the orc.
The orc is severely wounded.
You slash the orc priest! The orc closely misses you.
The orc priest calls down the wrath of Beogh upon you.
Beogh smites you!
You die...

#...# #..##8o... #...#
#...######
#...#####.......^.
#.................
#.#.######.......< #
#.#.########....##
#..###....:............
#...ooo#.#############.
....###@#...............
## #[################
#.# #.# #.# #.# ... #.#
#.#


You could see an orc priest and 2 orcs.

Vanquished Creatures
  An ice beast (D:4)
  A black bear (D:3)
  An ogre (D:4)
  A scorpion (D:3)
  A hound (D:3)
  3 jellies (D:3)
  Terence (D:2)
  5 adders
  6 orcs
  11 endoplasms
  5 giant cockroaches
  5 goblins
  8 hobgoblins
  2 jackals (D:2)
  12 kobolds
  3 quokkas
  3 ball pythons
  7 bats
  4 frilled lizards
  4 rats
84 creatures vanquished.

Notes
Turn   | Place    | Note
-------+----------+-------------------------------------------
     0 | D:1      | qw the Gargoyle Fighter began the quest for the Orb.
     0 | D:1      | Reached XP level 1. HP: 14/14 MP: 1/1
     0 | D:1      | 0 ||| qw: Version: 0.3-a-9-g12657ce
     0 | D:1      | 0 ||| qw: Game counter: 1326
     0 | D:1      | 0 ||| qw: Always use a shield: true
     0 | D:1      | 0 ||| qw: God list: Okawaru
     0 | D:1      | 0 ||| qw: Allow faded altars: false
     0 | D:1      | 0 ||| qw: Do Orc after D:15 true
     0 | D:1      | 0 ||| qw: Do second Lair branch before Depths: true
     0 | D:1      | 0 ||| qw: Lair rune preference: random
     0 | D:1      | 0 ||| qw: Plans: Normal, Zot:1-4, Slime:5, God:TSO, Crypt,
                  | Tomb, Abyss, Pan, Hells, Win
     0 | D:1      | 0 ||| PLANNING D:1-11
    64 | D:1      | Found a faded altar of an unknown god.
   118 | D:1      | Reached skill level 2 in Axes
   359 | D:1      | Reached XP level 2. HP: 17/19 MP: 2/2
   591 | D:1      | 591 ||| DROPPING +0 club.
   733 | D:1      | 733 ||| UPGRADING to +0 helmet.
   738 | D:1      | 738 ||| READING scroll labelled LUFALA DUERE.
   739 | D:1      | 739 ||| READING 2 scrolls labelled WECHUG GISEJUW.
   740 | D:1      | 740 ||| READING scroll labelled BIAQEH SYAWAON.
   855 | D:2      | Reached skill level 3 in Axes
   928 | D:2      | Reached XP level 3. HP: 23/23 MP: 3/3
  1158 | D:2      | Noticed Terence
  1172 | D:2      | HP: 5/23 [Terence/+0 hand axe (8)]
  1173 | D:2      | Killed Terence
  1174 | D:2      | Reached skill level 4 in Axes
  1174 | D:2      | Reached XP level 4. HP: 7/28 MP: 4/4
  1507 | D:2      | Found a snail-covered altar of Cheibriados.
  1599 | D:2      | 1599 ||| UPGRADING to +0 pair of gloves.
  1604 | D:2      | 1604 ||| UPGRADING to amulet of faith.
  1609 | D:2      | 1609 ||| DROPPING +6 ring of intelligence.
  1610 | D:2      | 1610 ||| READING 3 scrolls labelled ELO UNORUSKYSI.
  1611 | D:2      | 1611 ||| READING scroll labelled YDGHIE LIHUYS.
  1612 | D:2      | 1612 ||| DROPPING 2 scrolls of immolation.
  1657 | D:3      | Noticed a scorpion
  1669 | D:3      | Killed a scorpion
  1670 | D:3      | Reached XP level 5. HP: 25/32 MP: 5/5
  1837 | D:3      | Reached skill level 5 in Axes
  2189 | D:3      | 2189 ||| Stepping ~*~*~tactically~*~*~ (hiding).
  2222 | D:3      | 2222 ||| DROPPING +0 whip.
  2405 | D:3      | 2405 ||| Stepping ~*~*~tactically~*~*~ (hiding).
  2431 | D:3      | Reached XP level 6. HP: 28/38 MP: 6/6
  2448 | D:3      | 2448 ||| FLEEEEING.
  2473 | D:3      | Reached skill level 1 in Dodging
  2648 | D:3      | Noticed a black bear
  2657 | D:3      | Killed a black bear
  2692 | D:3      | 2692 ||| UPGRADING to +1 pair of boots.
  2697 | D:3      | 2697 ||| UPGRADING to +6 ring of strength.
  2698 | D:3      | 2698 ||| READING scroll labelled XEATOI ITZE.
  2726 | D:3      | 2726 ||| READING scroll labelled ZIQIATU CALAT.
  2727 | D:3      | 2727 ||| READING scroll labelled XAAGOE TAFITZ.
  2727 | D:3      | Identified a scroll of acquirement
  2727 | D:3      | 2727 ||| ACQUIRING ring "Anautsy" {Fire rPois Will+}
  2727 | D:3      | Acquired the ring "Anautsy" {Fire rPois Will+}
  2729 | D:3      | 2729 ||| UPGRADING to ring "Anautsy" {Fire rPois Will+}.
  2730 | D:3      | 2730 ||| DRINKING 2 brown potions.
  2731 | D:3      | 2731 ||| DRINKING 3 smoky black potions.
  2732 | D:3      | 2732 ||| READING 2 scrolls of identify.
  2732 | D:3      | 2732 ||| IDENTIFYING cyan potion
  2748 | D:4      | Noticed qw's ghost (novice NaHu)
  2748 | D:4      | Found a transporter.
  2748 | D:4      | Found a transporter.
  2751 | D:4      | Noticed an orc warrior
  2756 | D:4      | HP: 2/38 [ogre/+0 giant club (10)]
  2757 | D:4      | 2757 ||| DRINKING potion of heal wounds.
  2760 | D:4      | Reached skill level 6 in Axes
  2760 | D:4      | Reached XP level 7. HP: 30/43 MP: 7/7
  2771 | D:4      | 2771 ||| FLEEEEING.
  2772 | D:4      | 2772 ||| STAIRDANCE
  2811 | D:4      | 2811 ||| Stepping ~*~*~tactically~*~*~ (stealth).
  2812 | D:4      | 2812 ||| Stepping ~*~*~tactically~*~*~ (stealth).
  2813 | D:4      | 2813 ||| Stepping ~*~*~tactically~*~*~ (stealth).
  2823 | D:4      | 2823 ||| Stepping ~*~*~tactically~*~*~ (stealth).
  2850 | D:4      | Found a staircase to the Ecumenical Temple.
  2851 | D:4      | 2851 ||| PLANNING TEMPLE
  2885 | D:4      | 2885 ||| DROPPING +0 mace.
  2886 | D:4      | 2886 ||| DROPPING +3 whip.
  2887 | D:4      | 2887 ||| UPGRADING to +1 ring mail of cold resistance.
  2902 | Temple   | Entered the Ecumenical Temple
  3055 | Temple   | 3055 ||| PLANNING D:1-11
  3284 | D:4      | 3284 ||| Stepping ~*~*~tactically~*~*~ (hiding).
  3285 | D:4      | 3285 ||| Stepping ~*~*~tactically~*~*~ (hiding).
  3295 | D:4      | HP: 9/43 [orc priest/divine providence (13)]
  3296 | D:4      | Killed from afar by an orc priest

Levels and vault maps discovered:
D:1:      heliophobic_arrival_enchanted_forest, layout_loops_ring,
          shapermc_ecumenical_altar_pompeii
D:2:      layout_basic, basic_altar, uniq_terence
D:3:      cheibrodos_fertilizer, layout_loops_ring, minmay_cut_off
D:4:      layout_basic, grunt_qazlal_sundering,
          minmay_temple_entry_gardened_gates, gammafunk_ghost_arena,
          uniq_crazy_yiuf_cottage
Temple:   chequers_temple_sunken

Skill      XL: |  1  2  3  4  5  6 |
---------------+-------------------+-----
Axes           | 2 3 4 5 6 |  6.7
Fighting       | 4 |  4.1
Dodging        | 1 |  1.1
Throwing       | |  0.3
Armour         | |  3.2
Shields        | |  3.2

Action                     |  1- 3 |  4- 6 |  7- 9 || total
---------------------------+-------+-------+-------++-------
  Melee: War axe           |    90 |   121 |    57 ||   268
  Throw: Javelin           |       |       |     4 ||     4
    Use: Scroll            |     3 |     6 |       ||     9
         Potion            |       |     3 |       ||     3
 Armour: Scale mail        |    35 |    57 |    14 ||   106
         Ring mail         |       |       |     9 ||     9
  Dodge: Dodged            |    39 |    35 |    34 ||   108
  Block: Buckler           |    20 |    18 |     6 ||    44

Table legend:
 A = Non-vault XP
 B = Vault XP
 C = Vault XP percentage of total XP
 D = Non-vault monster count
 E = Vault monster count
 F = Vault count percentage of total count
                 A         B        C        D         E       F
            +---------+---------+-------+---------+---------+-------
      Total |     654 |     195 |  23.0 |      62 |      22 |  26.2
            +---------+---------+-------+---------+---------+-------
        D:1 |      28 |       0 |   0.0 |      17 |       0 |   0.0
        D:2 |      57 |      38 |  40.0 |      21 |       1 |   4.5
        D:3 |     261 |     157 |  37.6 |      11 |      21 |  65.6
        D:4 |     308 |       0 |   0.0 |      13 |       0 |   0.0
            +---------+---------+-------+---------+---------+-------
